 Dungeon Crawl Stone Soup version 0.18-a0-721-g8fc53f4 (webtiles) character file.

10717 Geeful the Grappler (level 11, -3/72 HPs)
             Began as a Human Wanderer on Dec 8, 2015.
             Was the Champion of Makhleb.
             Slain by a hill giant
             ... wielding a +0 giant club
              (23 damage)
             ... on level 11 of the Dungeon.
             The game lasted 00:46:57 (14357 turns).

Geeful the Grappler (Human Wanderer)               Turns: 14357, Time: 00:46:57

Health: -3/72      AC: 18    Str: 16    XL:     11   Next: 98%
Magic:  14/14      EV:  8    Int: 12    God:    Makhleb [******]
Gold:   592        SH:  5    Dex: 15    Spells: 0 memorised, 10 levels left

rFire  . . .     SeeInvis .       - Unarmed
rCold  . . .     Clarity  +     r - +0 chain mail
rNeg   + . .     SustAt   .     h - +0 buckler
rPois  +         Gourm    .     a - +2 helmet
rElec  .         Spirit   .     q - +0 cloak
rCorr  .         Dismiss  .     (no gloves)
rMut   .         Stasis   .     y - +0 pair of boots
MR     +++..                    F - amulet of the Four Winds {Clar rN+ MR+++}
Stlth  ..........               c - ring of poison resistance
                                C - ring of stealth

@: extremely resistant to hostile enchantments, extremely unstealthy
A: slimy green scales 1, thin skeletal structure 1
a: Minor Destruction, Lesser Servant of Makhleb, Major Destruction, Greater
Servant of Makhleb, Renounce Religion


You were on level 11 of the Dungeon.
You worshipped Makhleb.
Makhleb was exalted by your worship.
You were not hungry.

You visited 1 branch of the dungeon, and saw 11 of its levels.
You also visited: Sewer and Ossuary.

You collected 1132 gold pieces.
You spent 540 gold pieces at shops.

Inventory:

Missiles
 u - 30 poisoned needles
Armour
 a - a +2 helmet (worn)
 h - a +0 buckler (worn)
 q - a +0 cloak (worn)
 r - a +0 chain mail (worn)
 s - a +0 plate armour
 y - a +0 pair of boots (worn)
Jewellery
 c - a ring of poison resistance (right hand)
 i - an uncursed ring of wizardry
 o - an uncursed ring of sustain attributes
 z - an uncursed ring of protection from magic
 C - a ring of stealth (left hand)
 F - the amulet of the Four Winds (around neck) {Clar rN+ MR+++}
   (You found it on level 8 of the Dungeon)

   [amulet of clarity]

   It provides mental clarity.
   It protects you from negative energy.
   It affects your resistance to hostile enchantments.
Wands
 n - a wand of lightning (1)
 D - a wand of lightning (7)
 I - a wand of heal wounds (0)
Scrolls
 b - 4 scrolls of teleportation
 f - 2 scrolls of magic mapping
 g - 5 scrolls of immolation
 j - 10 scrolls of identify
 k - a scroll of enchant armour
 l - 6 scrolls of remove curse
 p - 4 scrolls of blinking
 t - a scroll of fog
 G - 4 scrolls of recharging
Potions
 d - 3 potions of curing
 v - 3 potions of flight
 w - a potion of magic
 x - a potion of heal wounds
 A - 2 potions of mutation
 B - a potion of agility
Comestibles
 e - 7 bread rations
 m - 6 meat rations
 E - a royal jelly
 H - 2 beef jerkies
 J - 5 chunks of flesh


   Skills:
 - Level 2.0 Fighting
   Level 3.0 Short Blades
 - Level 1.0 Throwing
 + Level 6.8 Armour
 - Level 3.7 Dodging
 - Level 4.0 Shields
 * Level 14.5 Unarmed Combat
 - Level 4.9 Invocations


You had 10 spell levels left.
You didn't know any spells.

Dungeon Overview and Level Annotations

Branches:
Dungeon (11/15)            Temple (0/1) D:4             Orc (0/4) D:9
   Lair: D:8-11

Altars:
Ashenzari
Cheibriados
Dithmenos
Gozag
Makhleb
Trog
Zin
The Shining One

Shops:
D:5 (   D:10 }

Portals:
Trove: D:10 (give 12 scrolls of teleportation)


Innate Abilities, Weirdness & Mutations

You are partially covered in slimy green scales (AC +2).
You have a somewhat thin skeletal structure (Dex +2, Stealth).


Message History

Your neqoxec hits the hill giant. You hit the hill giant.
The hill giant is lightly wounded.
The hill giant hits you with a giant club!!
You hit the hill giant.
The hill giant is moderately wounded.
Your neqoxec hits the hill giant.
The hill giant hits you with a giant club!
* * * LOW HITPOINT WARNING * * *
Your neqoxec hits the hill giant.
A demon appears!
You feel slightly more hungry.
Your neqoxec gestures.
Evoke which item? (* to show all) (? for menu, Esc to quit)
Zapping:
I - a wand of heal wounds (1)
Press: ? - help, Shift-Dir - straight line, f - you You feel much better.
This wand has 0 charges left.
The hill giant hits you with a giant club.
* * * LOW HITPOINT WARNING * * *
The hill giant hits you with a giant club!!
You die...

.. #.. ..#####..
........# ...(....#
........# ........#
...###....# ####
#.........#######...###
...#######...@..#.....#
.........#..C3..#.....#
#.......'...3..#.....#
#.......#...#5.#.....#
#.......#...#..#.....+
....###'##...#..'.....#
... #...........#######
#...........#
#.....#####+#


You could see a hill giant, a friendly neqoxec, a friendly ynoxinul and a
friendly ufetubus.

Vanquished Creatures
  A manticore (D:8)
  Joseph (D:8)
  Prince Ribbit (D:5)
  A deep elf mage (D:10)
  3 yaks (D:11)
  2 wyverns
  Grum (D:10)
  A basilisk (D:8)
  4 hippogriffs
  Menkaure (D:4)
  2 wolves (D:10)
  A vampire mosquito (D:8)
  2 orc warriors
  2 black bears
  7 ogres
  2 ice beasts
  3 sky beasts
  A wasp (D:9)
  3 phantoms
  2 necrophages
  4 big kobolds
  5 centaurs
  A giant frog (D:6)
  4 water moccasin zombies
  A gnoll sergeant (D:6)
  5 scorpions
  14 killer bees (D:8)
  8 wights
  2 centaur zombies
  4 crimson imps
  3 jellies
  10 hounds
  A quasit (D:8)
  2 giant frog zombies
  10 orc priests
  3 giant frog skeletons
  2 centaur skeletons
  8 orc wizards
  Crazy Yiuf (D:4)
  3 iguanas
  9 worker ants
  2 big kobold zombies (Ossuary)
  A killer bee zombie (D:5)
  2 mummies (Ossuary)
  A hound zombie (D:10)
  3 hound skeletons
  2 worker ant zombies (D:8)
  17 adders
  11 gnolls
  A river rat (D:4)
  3 shadow imps
  4 oozes
  8 adder zombies
  3 adder skeletons
  9 worms
  9 giant geckos
  40 orcs
  20 bats
  10 giant cockroaches
  10 goblins
  10 hobgoblins
  9 quokkas
  5 ball pythons
  2 giant gecko skeletons (D:6)
  8 giant newts
  2 gnoll zombies (Ossuary)
  6 hobgoblin zombies (Ossuary)
  12 jackals
  A jackal skeleton (D:4)
  17 kobolds
  3 kobold zombies (Ossuary)
  4 orc zombies (Ossuary)
  2 quokka skeletons
  12 rats
  A plant (D:6)
391 creatures vanquished.

Vanquished Creatures (collateral kills)
  Snorg (D:11)
  A hill giant (D:7)
  A yak (D:11)
  An adder (D:7)
4 creatures vanquished.

Vanquished Creatures (others)
  A hobgoblin (D:6)
  A kobold (D:6)
  4 toadstools (D:1)
6 creatures vanquished.

Grand Total: 401 creatures vanquished

Notes
Turn   | Place    | Note
--------------------------------------------------------------
     0 | D:1      | Geeful the Human Wanderer began the quest for the Orb.
     0 | D:1      | Geeful set off with: a +2 short sword, a scroll of teleportation, a potion of lignification, a +0 robe, a bread ration
     0 | D:1      | Reached XP level 1. HP: 16/16 MP: 1/1
   233 | D:1      | Reached XP level 2. HP: 20/22 MP: 2/2
   799 | D:1      | Reached XP level 3. HP: 25/27 MP: 3/3
  1155 | D:2      | Found a shadowy altar of Dithmenos.
  1930 | D:2      | Reached XP level 4. HP: 20/33 MP: 4/4
  2486 | D:2      | Reached skill level 4 in Unarmed Combat
  2486 | D:2      | Reached XP level 5. HP: 31/38 MP: 5/5
  2547 | D:2      | Found a burning altar of Makhleb.
  2558 | D:2      | Became a worshipper of Makhleb the Destroyer
  2622 | D:2      | Noticed a moth of wrath
  2626 | D:2      | Found a bloodstained altar of Trog.
  3244 | D:2      | Upgraded the game from 0.18-a0-719-gd8378e8 to 0.18-a0-720-gcdcb97a
  3459 | D:3      | Noticed a necrophage
  3481 | D:3      | Killed a necrophage
  3481 | D:3      | Reached XP level 6. HP: 26/43 MP: 6/6
  3900 | D:3      | Reached * piety under Makhleb
  4098 | D:3      | Reached skill level 5 in Unarmed Combat
  4098 | D:3      | Reached skill level 1 in Invocations
  4206 | D:3      | Found a glowing golden altar of the Shining One.
  4400 | D:3      | Reached XP level 7. HP: 46/49 MP: 6/8
  4857 | D:4      | Noticed Crazy Yiuf
  4860 | D:4      | Killed Crazy Yiuf
  4999 | D:4      | Reached skill level 6 in Unarmed Combat
  5070 | D:4      | Reached ** piety under Makhleb
  5254 | D:4      | Found a glowing drain.
  5260 | D:4      | Reached XP level 8. HP: 50/55 MP: 10/10
  5276 | Sewer    | Entered a sewer
  5897 | Sewer    | Reached *** piety under Makhleb
  6216 | D:4      | Found a staircase to the Ecumenical Temple.
  6292 | D:4      | Reached skill level 7 in Unarmed Combat
  6446 | D:4      | Noticed Menkaure
  6457 | D:4      | Killed Menkaure
  6997 | D:5      | Entered Level 5 of the Dungeon
  7314 | D:5      | Found Orghaett's Antique Weapon Shop.
  7372 | D:5      | Reached skill level 8 in Unarmed Combat
  7423 | D:5      | Noticed Prince Ribbit
  7436 | D:5      | Killed Prince Ribbit
  7623 | D:5      | Reached XP level 9. HP: 60/60 MP: 12/12
  7847 | D:5      | Found a glowing silver altar of Zin.
  7847 | D:5      | Found a snail-covered altar of Cheibriados.
  7904 | D:6      | Found a sand-covered staircase.
  7911 | Ossuary  | Entered an ossuary
  8039 | Ossuary  | Reached **** piety under Makhleb
  8054 | Ossuary  | Reached skill level 9 in Unarmed Combat
  8363 | Ossuary  | Gained mutation: You have a somewhat thin skeletal structure (Dex +2, Stealth). [potion of beneficial mutation]
  8464 | D:6      | Reached skill level 10 in Unarmed Combat
  8473 | D:6      | Gained mutation: You are partially covered in slimy green scales (AC +2). [mutagenic meat]
  9045 | D:6      | Reached ***** piety under Makhleb
  9214 | D:6      | Reached skill level 11 in Unarmed Combat
  9220 | D:6      | Reached XP level 10. HP: 49/67 MP: 13/13
  9622 | D:7      | Upgraded the game from 0.18-a0-720-gcdcb97a to 0.18-a0-721-g8fc53f4
 10160 | D:7      | Reached skill level 1 in Armour
 10210 | D:7      | Noticed a hill giant
 10233 | D:7      | Killed a hill giant
 10233 | D:7      | Reached skill level 12 in Unarmed Combat
 10979 | D:8      | Found an opulent altar of Gozag.
 11200 | D:8      | Reached XP level 11. HP: 50/72 MP: 14/14
 11399 | D:8      | Reached skill level 13 in Unarmed Combat
 11424 | D:8      | Noticed a manticore
 11444 | D:8      | Killed a manticore
 11874 | D:8      | Reached skill level 5 in Armour
 12102 | D:9      | Found a shattered altar of Ashenzari.
 12102 | D:9      | Noticed Joseph
 12126 | D:8      | Killed Joseph
 12221 | D:8      | Reached ****** piety under Makhleb
 12918 | D:9      | Found a staircase to the Orcish Mines.
 13023 | D:10     | Entered Level 10 of the Dungeon
 13060 | D:10     | Found a portal to a secret trove of treasure.
 13200 | D:10     | Reached skill level 14 in Unarmed Combat
 13777 | D:10     | Noticed Grum
 13792 | D:10     | Killed Grum
 14000 | D:10     | Found Liskaill's Gadget Shoppe.
 14040 | D:10     | Bought a wand of heal wounds (2) for 540 gold pieces
 14232 | D:11     | Noticed Snorg
 14243 | D:11     | Killed Snorg
 14344 | D:11     | Noticed a hill giant
 14357 | D:11     | Slain by a hill giant

Vault maps used:
D:1:      ldierk_water_garden
D:2:      lemuel_round_altar, makhleb_heckhound_becter, tgw_trog,
          serial_park_tiny_1
D:3:      nicolae_tso_carved_into_rock
D:4:      minmay_temple_entry_glass, gup_sewer_entry_bubbles, first_bread,
          uniq_crazy_yiuf_cottage, uniq_menkaure
D:5:      gammafunk_temple_overflow_wave, serial_shops, shop, nrook_mini_vaults,
          minmay_misc_feat_plants, uniq_prince_ribbit1
D:6:      kennysheep_housing_project, nicolae_ossuary_entry_false_entrances
D:8:      hangedman_cross_cluster, nicolae_overflow_crystal_walls
D:9:      cheibrodos_ashenzari_chains, orc_0_dummy, uniq_joseph
D:10:     serial_shops, nicolae_shop_window_shopping, enter_trove_2, uniq_grum
D:11:     dpeg_oklobed_lair, uniq_snorg
Sewer:    sewer_fruit_machine
Ossuary:  ossuary_tomb_2

Action                   |  1- 3 |  4- 6 |  7- 9 | 10-12 || total
-------------------------+-------+-------+-------+-------++-------
Melee: Unarmed           |   162 |   353 |   799 |   794 ||  2108
Invok: Lesser Servant of |       |       |       |     7 ||     7
Evoke: Wand              |       |       |     2 |     5 ||     7
  Use: Scroll            |     3 |     1 |    14 |     7 ||    25
       Potion            |       |     2 |     6 |     1 ||     9
 Stab: Invisible         |       |       |       |     1 ||     1
       Distracted        |       |       |       |     2 ||     2
  Eat: Chunk             |     3 |     9 |    13 |    18 ||    43
       Meat ration       |       |       |     1 |       ||     1
